 Dungeon Crawl Stone Soup version 0.31-b1-20-g67cafac56d (webtiles) character file.

Game seed: 4873079850427587086

199 Janerl the Cudgeller (level 5, -1/70 HPs)
             Began as a Minotaur Berserker on Jan 17, 2024.
             Was a Believer of Trog.
             Slain by an orc
             ... wielding a +2 short sword of venom
              (3 damage)
             ... on level 4 of the Dungeon.
             The game lasted 00:05:35 (2052 turns).

Janerl the Cudgeller (Minotaur Berserker)           Turns: 2052, Time: 00:05:37

Health: -1/70      AC:  2    Str: 22    XL:     5   Next: 48%
Magic:  4/4        EV: 12    Int:  6    God:    Trog [**....]
Gold:   154        SH:  0    Dex:  9    Spells: 4/4 levels left

rFire   . . .        a - +0 mace
rCold   . . .        (no shield)
rNeg    . . .        b - +0 animal skin
rPois   .            (helmet restricted)
rElec   .            (no cloak)
rCorr   .            (no gloves)
SInv    .            (no boots)
Will    .....        (no amulet) Stlth
                     (no ring)
HPRegen 0.31/turn    (no ring)
MPRegen 0.09/turn

%: no passive effects
@: berserking (expiring), lethally poisoned (-1 -> -14), very quick
A: horns 2, retaliatory headbutt
a: Renounce Religion, Berserk, Trog's Hand


You were on level 4 of the Dungeon.
You worshipped Trog.
Trog was pleased with you.
You visited 1 branch of the dungeon, and saw 4 of its levels.

You collected 154 gold pieces.

Inventory:

Hand Weapons
 a - a +0 mace (weapon)
Armour
 b - a +0 animal skin (worn)
Jewellery
 i - an amulet of the acrobat
Wands
 p - a wand of roots (8)
Scrolls
 c - a scroll of enchant armour {unknown}
 d - a scroll of revelation {unknown}
 e - 2 scrolls of fog {unknown}
 h - a scroll of teleportation {unknown}
 k - a scroll of fear {unknown}
 n - a scroll of identify {unknown}
 o - 3 scrolls of noise {unknown}
 r - a scroll of poison {unknown}
Potions
 f - a potion of attraction {unknown}
 g - 3 potions of enlightenment {unknown}
 j - 2 potions of mutation {unknown}
 l - a potion of magic {unknown}
 m - 2 potions of curing {unknown}
 q - a potion of might {unknown}


   Skills:
 + Level 4.8 Fighting
 + Level 5.6 Maces & Flails
 + Level 2.6 Armour
 + Level 3.3 Dodging
 + Level 1.4 Stealth


You had 4 spell levels left.
You didn't know any spells.
Your spell library was empty.

Dungeon Overview and Level Annotations

Branches:
Dungeon (4/15)
 Temple: D:4-7

Altars:


Innate Abilities, Weirdness & Mutations

You have a pair of horns on your head.
You reflexively headbutt those who attack you in melee.


Message History

An orc comes into view. It is wielding a +0 hand axe.
The orc hits you with a +2 heavy hand axe!
The orc hits you with a +2 short sword of venom.
You are poisoned.
The orc shouts!
Things that are here:
a +0 mace; an orc corpse You closely miss the orc.
You feel sick.
The orc hits you with a +2 short sword of venom.
* * * LOW HITPOINT WARNING * * *
You are more poisoned.
You closely miss the orc. Your headbutt misses the orc.
* * * LOW HITPOINT WARNING * * *
You feel very sick. The orc closely misses you.
You barely miss the orc.
* * * LOW HITPOINT WARNING * * *
You feel sick.
The orc hits you with a +2 short sword of venom.
* * * LOW HITPOINT WARNING * * *
You are more poisoned.
Unknown command.
You hit the orc.
You kill the orc!
Trog accepts your kill.
* * * LOW HITPOINT WARNING * * *
You feel very sick. The orc barely misses you.
You hit the orc.
The orc is almost dead.
* * * LOW HITPOINT WARNING * * *
You feel very sick. The orc misses you.
You sock the orc!
You kill the orc!
Trog accepts your kill.
* * * LOW HITPOINT WARNING * * *
You feel very sick.
The orc hits you with a +2 short sword of venom.
You die...

# ##. #..
#######.## #
.o...oo.o######...
o.....oo)@...##
######.####..#
#.### )# #o..# ..
#.### .# #..## ##
##<.# # #..##..#
#.##o....##


You could see 5 orcs.

Vanquished Creatures
  A bombardier beetle (D:3)
  An orc priest (D:3)
  Ijyb (D:3)
  5 adders (D:2)
  2 dart slugs
  5 orcs
  5 endoplasms
  3 giant cockroaches
  7 goblins
  7 hobgoblins
  4 jackals
  3 quokkas
  A ball python (D:1)
  4 bats
  3 frilled lizards
  9 rats
61 creatures vanquished.

Notes
Turn   | Place    | Note
-------+----------+-------------------------------------------
     0 | D:1      | Janerl the Minotaur Berserker began the quest for the Orb.
     0 | D:1      | Reached XP level 1. HP: 19/19 MP: 0/0
   226 | D:1      | Reached skill level 4 in Maces & Flails
   226 | D:1      | Reached XP level 2. HP: 21/27 MP: 1/1
   915 | D:2      | Reached ** piety under Trog
   952 | D:2      | Reached XP level 3. HP: 32/33 MP: 2/2
  1082 | D:2      | Reached XP level 4. HP: 30/40 MP: 3/3
  1568 | D:3      | Noticed Ijyb
  1576 | D:3      | Killed Ijyb
  1577 | D:3      | Reached skill level 5 in Maces & Flails
  1663 | D:3      | Reached skill level 1 in Stealth
  1770 | D:3      | Reached XP level 5. HP: 47/47 MP: 4/4
  1907 | D:3      | Found a faded altar of an unknown god.
  2052 | D:4      | HP: 2/70 [poisoned by an orc]
  2052 | D:4      | Slain by an orc

Illustrated notes

Levels and vault maps discovered:
D:1:      co_arrival_random_square_maze, layout_loops_ring
D:2:      layout_loops_cross, minmay_rat_gold_closets
D:3:      layout_rooms, shapermc_ecumenical_altar_venn, uniq_ijyb
D:4:      layout_layer_cave, serial_co_window_serial, co_window_cross_1,
          co_window_paths_a, co_window_corner_a, co_window_paths_a,
          co_window_corner_a, co_window_of_opportunity_c, co_window_cross_2,
          co_window_corner_ca, co_window_paths_e, co_window_sun,
          glass_columns_b, glass_columns_b, minmay_misc_feat_pillars,
          hangedman_decor_opposing

Skill      XL: |  1  2  3  4 |
---------------+-------------+-----
Maces & Flails | 4 5 |  5.6
Fighting       | 4 |  4.8
Dodging        | 3 |  3.3
Stealth        | 1 |  1.4
Armour         | |  2.6

Action                     |  1- 3 |  4- 6 || total
---------------------------+-------+-------++-------
  Melee: Mace              |    49 |    63 ||   112
         Headbutt          |     7 |     7 ||    14
 Invoke: Berserk           |       |     2 ||     2
   Stab: Sleeping          |     1 |     3 ||     4
 Armour: Animal skin       |    30 |    40 ||    70
  Dodge: Dodged            |    42 |    35 ||    77
